 Dungeon Crawl Stone Soup version 0.30-a0-347-gf58ed5266c (webtiles) character file.

Game seed: 2749709556996059819

119 Angani the Digger (level 4, -4/33 HPs)
             Began as a Draconian Earth Elementalist on Nov 7, 2022.
             Killed by divine providence
             ... invoked by an orc priest
              (15 damage)
             ... on level 3 of the Dungeon.
             The game lasted 00:06:05 (2590 turns).

Angani the Digger (Draconian Earth Elementalist)    Turns: 2590, Time: 00:06:06

Health: -4/33      AC:  7    Str: 10    XL:     4   Next: 73%
Magic:  5/8        EV: 12    Int: 18    God:
Gold:   97         SH:  0    Dex: 11    Spells: 5/9 levels left

rFire   . . .      SeeInvis .    b - +1 mace
rCold   . . .      Faith    .    (no shield)
rNeg    . . .      Spirit   .    (body armour unavailable)
rPois   .          Reflect  .    (helmet restricted)
rElec   .          Harm     .    k - +0 cloak
rCorr   .          Rampage  .    m - +0 pair of gloves
Will    .....                    (no boots)
Stlth   ++........               (no amulet)
HPRegen 0.25/turn                (no ring)
MPRegen 0.11/turn                (no ring)

@: brilliant, flying
A: AC +5, unfitting armour, cold-blooded
a: no special abilities


You were on level 3 of the Dungeon.
You visited 1 branch of the dungeon, and saw 3 of its levels.

You collected 97 gold pieces.

Inventory:

Hand Weapons
 b - a +1 mace (weapon)
Armour
 k - a +0 cloak (worn)
 m - a +0 pair of gloves (worn)
Wands
 i - a wand of polymorph (7)
Scrolls
 c - a scroll of poison {unknown}
 e - a scroll of teleportation {unknown}
 f - a scroll of enchant weapon
 g - a scroll of identify {unknown}
 j - a scroll of amnesia {unknown}
 o - a scroll of torment {unknown}
Potions
 a - 2 potions of magic
 l - a potion of lignification {unknown}
 n - a potion of heal wounds {unknown}


   Skills:
 - Level 1.7 Dodging
 - Level 1.7 Stealth
 + Level 3.1 Spellcasting
 + Level 1.7 Conjurations
 - Level 1.6 Transmutations
 + Level 4.0 Earth Magic


You had 5 spell levels left.
You knew the following spells:

 Your Spells              Type           Power      Damage    Failure   Level
a - Sandblast             Erth           52%        2d12      3%          1
b - Stone Arrow           Conj/Erth      38%        3d9       14%         3

Your spell library contained the following spells:

 Spells                   Type           Power      Damage    Failure   Level
 Passwall                 Tmut/Erth      15%        N/A       8%          2
 Beastly Appendage        Tmut           26%        N/A       9%          1
 Petrify                  Tmut/Erth      19%        N/A       45%         4
 Malign Gateway           Summ/Tloc      2%         N/A       100%        7
 Summon Horrible Things   Summ           2%         N/A       100%        8


Dungeon Overview and Level Annotations

Branches:
Dungeon (3/15)

Altars:

Shops:
D:1 =:


Innate Abilities, Weirdness & Mutations

Your plain brown scales are hard. (AC +5)
You cannot fit into any form of body armour.
You are cold-blooded and may be slowed by cold attacks.


Message History

Aim: a bat (73% to hit)
The blast of sand misses the bat.
The bat closely misses you. The bat barely misses you.
Unknown command.
The bat attacks as you move away! The bat hits you. x2
The bat closely misses you. The bat attacks as you move away!
The bat closely misses you. The bat barely misses you.
Aiming: Sandblast (safe; 3% risk of failure)
Press: ? - help, Q - select action, (/) - cycle Shift-Dir - straight line, f - orc
Aim: an orc, wielding a +2 hand axe of electrocution and wearing a +0 chain mail (87% to hit)
The blast of sand hits the orc.
The orc is heavily wounded.
Aiming: Sandblast (safe; 3% risk of failure)
Press: ? - help, Q - select action, (/) - cycle Shift-Dir - straight line, f/p - orc
Aim: an orc, wielding a +2 hand axe of electrocution and wearing a +0 chain mail (heavily wounded, 87% to hit)
The blast of sand hits the orc but does no damage.
The orc is heavily wounded.
The bat hits you but does no damage. The orc barely misses you.
Aiming: Sandblast (safe; 3% risk of failure)
Press: ? - help, Q - select action, (/) - cycle Shift-Dir - straight line, f/p - orc
Aim: an orc, wielding a +2 hand axe of electrocution and wearing a +0 chain mail (heavily wounded, 87% to hit)
The blast of sand hits the orc but does no damage.
The orc is heavily wounded.
The bat closely misses you. The orc hits you with a +0 flail.
The orc hits you with a +2 hand axe of electrocution.
The orc attacks as you move away! The orc hits you with a +0 flail.
The bat hits you but does no damage.
The orc hits you with a +2 hand axe of electrocution.
You are electrocuted!
It was a potion of flight.
You feel very buoyant.
You fly up into the air.
The bat hits you but does no damage. The bat closely misses you.
The orc barely misses you.
It was a potion of brilliance.
You feel clever all of a sudden. The bat hits you but does no damage. x2
The orc priest calls down the wrath of Beogh upon you.
Beogh smites you!
You die...

.o ########## .#
#........# .# #
#........# .# ...
#........#####.#.....
#.........o...o......
#........oo#.........
#........ob#..o......
######....@#......###
#.....#......#
#.....#.....(#
#.....#......#
#.....#......#
####†## .)# #.# #.#
#)# #.# #.##### #.#


You could see an orc priest, 3 orcs and a bat.

Vanquished Creatures
  An orc priest (D:3)
  Jessica (D:2)
  An adder (D:2)
  A worm (D:2)
  2 orcs (D:3)
  4 endoplasms (D:1)
  A giant cockroach (D:3)
  5 goblins
  4 hobgoblins (D:1)
  3 jackals (D:3)
  2 kobolds
  4 quokkas
  5 ball pythons
  4 bats (D:1)
  A frilled lizard (D:1)
  6 rats
45 creatures vanquished.

Notes
Turn   | Place    | Note
-------+----------+-------------------------------------------
     0 | D:1      | Angani the Draconian Earth Elementalist began the quest for
                  | the Orb.
     0 | D:1      | Reached XP level 1. HP: 14/14 MP: 3/3
   279 | D:1      | Reached XP level 2. HP: 20/20 MP: 3/5
   422 | D:1      | Found Osov's Jewellery Shop.
   581 | D:1      | Found a faded altar of an unknown god.
   595 | D:1      | Got Plato's Precepts of Permutations
  1037 | D:1      | Reached XP level 3. HP: 26/26 MP: 4/6
  1041 | D:1      | Learned a level 3 spell: Stone Arrow
  1169 | D:1      | Found Vuneroi's Book Emporium.
  2103 | D:2      | Noticed Jessica
  2108 | D:2      | Killed Jessica
  2109 | D:2      | Reached skill level 1 in Conjurations
  2109 | D:2      | Reached XP level 4. HP: 33/33 MP: 4/8
  2502 | D:3      | Reached skill level 4 in Earth Magic
  2590 | D:3      | Killed from afar by an orc priest

Illustrated notes

Levels and vault maps discovered:
D:1:      lemuel_arrival_muddy, layout_basic, serial_shops, shop_fountains,
          nicolae_shop_window_shopping, shapermc_ecumenical_altar_rom_forum
D:2:      layout_loops_ring, uniq_jessica
D:3:      layout_basic

Skill      XL: |  1  2  3  4 |
---------------+-------------+-----
Conjurations   | 1 |  1.7
Spellcasting   | 3 |  3.1
Earth Magic    | 4 |  4.0
Dodging        | |  1.7
Stealth        | |  1.7
Transmutations | |  1.6

Action                   |  1- 3 |  4- 6 || total
-------------------------+-------+-------++-------
Melee: Mace              |     1 |       ||     1
 Cast: Sandblast         |    55 |    17 ||    72
  Use: Potion            |       |     2 ||     2
       Scroll            |       |     1 ||     1
Armor: Skin              |     1 |     7 ||     8
Dodge: Dodged            |     8 |    10 ||    18

Table legend: (Time is in decaauts)
 A = Elapsed time spent in this place.
 B = Non-inter-level travel time spent in this place.
 C = Inter-level travel time spent in this place.
 D = Time resting spent in this place.
 E = Time spent auto-exploring this place.
 F = Levels seen in this place.
 G = Mean time per level.
                   A        B        C        D        E       F      G
               +--------+--------+--------+--------+--------+-----+--------+
         Total |   2633 |   2390 |    243 |    288 |   1659 |   3 |  877.7 |
       Dungeon |   2633 |   2390 |    243 |    288 |   1659 |   3 |  877.7 |
               +--------+--------+--------+--------+--------+-----+--------+

Top non-repeatable levels by time:
     D:1: 1599 daAuts
     D:2: 778 daAuts
     D:3: 255 daAuts
